 Dungeon Crawl Stone Soup version 0.24-a0-475-g5b41c6f198 (webtiles) character file.

Game seed: 9993316848070449809

319 pk666 the Magician (level 6, -1/32 HPs)
             Began as a Deep Elf Wizard on July 5, 2019.
             Killed by divine providence
             ... invoked by an orc priest
              (11 damage)
             ... on level 5 of the Dungeon.
             The game lasted 00:07:09 (4688 turns).

pk666 the Magician (Deep Elf Wizard)                Turns: 4688, Time: 00:07:10

Health: -1/32      AC:  4    Str:  7    XL:     6   Next: 21%
Magic:  7/16       EV: 13    Int: 25    God:
Gold:   146        SH:  0    Dex: 13    Spells: 7/16 levels left

rFire    . . .     SeeInvis .   h - +0 dagger
rCold    . . .     Gourm    .   (no shield)
rNeg     . . .     Faith    .   p - +0 robe (curse)
rPois    .         Spirit   .   b - +0 hat
rElec    .         Reflect  .   (no cloak)
rCorr    .         Harm     .   e - +0 pair of gloves
MR       +....                  m - +0 pair of boots
Stlth    ++........             t - amulet of magic regeneration
HPRegen  0.10/turn              g - +3 ring of strength
MPRegen  0.40/turn              s - ring of protection from magic

@: very slightly contaminated
A: no striking features
a: no special abilities


You were on level 5 of the Dungeon.
You were not hungry.

You visited 1 branch of the dungeon, and saw 5 of its levels.

You collected 146 gold pieces.

Inventory:

Hand Weapons
 h - a +0 dagger (weapon)
Armour
 b - a +0 hat (worn)
 e - a +0 pair of gloves (worn)
 m - a +0 pair of boots (worn)
 p - a cursed +0 robe (worn)
Jewellery
 a - an uncursed amulet of faith
 g - a +3 ring of strength (left hand)
 s - a ring of protection from magic (right hand)
 t - an amulet of magic regeneration (around neck)
Wands
 v - a wand of random effects (11)
Scrolls
 j - a scroll of fear {unknown}
 k - 2 scrolls of identify
 l - a scroll of enchant armour {unknown}
 n - 2 scrolls of teleportation
 u - a scroll of blinking {unknown}
Potions
 c - 4 potions of curing
 f - a potion of lignification {unknown}
 i - 2 potions of flight
 o - a potion of might {unknown}
 q - a potion of haste {unknown}
 r - a potion of heal wounds {unknown}
Comestibles
 d - 8 rations
 w - 2 chunks of flesh


   Skills:
 - Level 3.1 Dodging
 - Level 2.4 Stealth
 + Level 5.7 Spellcasting
 + Level 3.2 Conjurations
   Level 1.1 Summonings
 + Level 2.5 Translocations
 + Level 2.3 Fire Magic
 + Level 1.9 Air Magic
 + Level 2.0 Poison Magic


You had 7 spell levels left.
You knew the following spells:

 Your Spells              Type           Power        Failure   Level  Hunger
a - Magic Dart            Conj           ###.         1%          1    None
b - Blink                 Tloc           N/A          4%          2    None
c - Conjure Flame         Conj/Fire      ###.....     8%          3    #......
d - Mephitic Cloud        Conj/Pois/Air  ###.....     9%          3    #......

Your spell library contained the following spells:

 Spells                   Type           Power        Failure   Level  Hunger
 Confusing Touch          Hex            #.....       8%          1    None
 Call Imp                 Summ           ##......     8%          2    None
 Gell's Gravitas          Tloc           ###.......   9%          3    #......
 Slow                     Hex            #.......     12%         2    None
 Confuse                  Hex            #.......     22%         3    #......
 Petrify                  Tmut/Erth      #.......     58%         4    ###....
 Metabolic Englaciation   Hex/Ice        #.........   91%         5    #####..
 Yara's Violent Unravell  Hex/Tmut       #.........   91%         5    #####..


Dungeon Overview and Level Annotations

Branches:
Dungeon (5/15)
 Temple: D:4-7

Altars:
Hepliaklqana


Message History

Confirm with . or Enter, or press ? or * to list all spells.
Aiming: Magic Dart (safe; 1% risk of failure)
Press: ? - help, Shift-Dir - straight line, f/p - orc priest
Aim: an orc priest, wielding a +0 dagger (heavily wounded)
The magic dart hits the orc priest.
The orc priest is severely wounded.
The worker ant bites you.
* * * LOW HITPOINT WARNING * * *
You are lethally poisoned!
The worker ant poisons you! The orc priest closely misses you.
You feel better.
The worker ant bites you but does no damage.
The orc priest calls down the wrath of Beogh upon you.
You resist with some effort.
The orc priest calls upon Beogh to heal the orc priest.
The orc priest is healed somewhat.
The worker ant waves its antennae.
The orc priest invokes the aid of Beogh against you.
Beogh smites you!
You die...

#.# #.# ## ##.#
..#.#.######### ...#
#.#.#.....a@..##########
....
........÷oo...........># ..#
........#...#.########.#
#.###.#..<#o#.#.#.# #.#
#<........#.#.#.#.########.#
##.##.#.....o.#.#.##.......#
..# #.#.#.#.)...##.o..o..#
....#.....#.#..[....o....#
.#######..#.######......##


You could see a worker ant, 2 orc priests and an orc wizard (confused).

Vanquished Creatures
  A scorpion (D:4)
  A howler monkey (D:4)
  An orc priest (D:5)
  A hound (D:5)
  An orc wizard (D:3)
  6 adders
  3 worms
  2 dart slugs (D:1)
  2 leopard geckos
  10 orcs (D:3)
  A ball python (D:3)
  11 bats
  5 giant cockroaches
  6 goblins
  3 hobgoblins
  7 jackals
  3 quokkas
  6 frilled lizards
  5 kobolds
  7 rats
82 creatures vanquished.

Notes
Turn   | Place    | Note
-------+----------+-------------------------------------------
     0 | D:1      | pk666 the Deep Elf Wizard began the quest for the Orb.
     0 | D:1      | Reached XP level 1. HP: 10/10 MP: 7/7
   173 | D:1      | Reached XP level 2. HP: 13/15 MP: 6/9
  1183 | D:2      | Reached skill level 5 in Spellcasting
  1183 | D:2      | Reached XP level 3. HP: 19/19 MP: 6/11
  1187 | D:2      | Learned a level 2 spell: Blink
  1191 | D:2      | Learned a level 3 spell: Conjure Flame
  1195 | D:2      | Learned a level 3 spell: Mephitic Cloud
  1442 | D:2      | You fall into a shaft and drop 2 floors!
  1499 | D:4      | Noticed a scorpion
  1731 | D:2      | Reached skill level 1 in Fire Magic
  1731 | D:2      | Reached XP level 4. HP: 24/24 MP: 5/13
  2045 | D:3      | Reached skill level 1 in Poison Magic
  2203 | D:3      | Found a hazy altar of Hepliaklqana.
  2917 | D:3      | Reached skill level 1 in Air Magic
  2917 | D:3      | Reached XP level 5. HP: 28/28 MP: 2/14
  4007 | D:4      | Reached XP level 6. HP: 32/32 MP: 5/16
  4590 | D:5      | Entered Level 5 of the Dungeon
  4688 | D:5      | Killed from afar by an orc priest

Levels and vault maps discovered:
D:1:      wander_arrival_fairy_ring, layout_basic, fountainhead,
          minmay_pentomino_s4
D:2:      layout_rooms
D:3:      layout_basic, nicolae_overflow_crystal_walls
D:4:      layout_loops_corners
D:5:      layout_basic, first_ration, serial_shops, shop, uniq_blork_the_orc,
          uniq_pikel, uniq_crazy_yiuf_cottage

Skill      XL: |  1  2  3  4  5  6 |
---------------+-------------------+-----
Dodging        | 3 |  3.1
Conjurations   | 2 3 |  3.2
Spellcasting   | 5 |  5.7
Fire Magic     | 1 2 |  2.3
Poison Magic   | 1 2 |  2.0
Air Magic      | 1 |  1.9
Translocations | 2 |  2.5
Stealth        | |  2.4
Summonings     | |  1.1

Action                   |  1- 3 |  4- 6 || total
-------------------------+-------+-------++-------
Melee: Dagger            |       |    13 ||    13
 Cast: Magic Dart        |   104 |   163 ||   267
       Conjure Flame     |       |     1 ||     1
       Mephitic Cloud    |       |     3 ||     3
       Blink             |       |     3 ||     3
  Use: Scroll            |       |     3 ||     3
       Potion            |       |     1 ||     1
  Eat: Chunk             |     2 |     9 ||    11
Armor: Robe              |     7 |    11 ||    18
Dodge: Dodged            |     7 |    27 ||    34

Table legend:
 A = Non-vault XP
 B = Vault XP
 C = Vault XP percentage of total XP
 D = Non-vault monster count
 E = Vault monster count
 F = Vault count percentage of total count
                 A         B        C        D         E       F
            +---------+---------+-------+---------+---------+-------
      Total |     448 |       9 |   2.0 |      79 |       3 |   3.7
            +---------+---------+-------+---------+---------+-------
        D:1 |      23 |       9 |  28.1 |      16 |       3 |  15.8
        D:2 |      73 |       0 |   0.0 |      21 |       0 |   0.0
        D:3 |     142 |       0 |   0.0 |      35 |       0 |   0.0
        D:4 |     144 |       0 |   0.0 |       5 |       0 |   0.0
        D:5 |      66 |       0 |   0.0 |       2 |       0 |   0.0
            +---------+---------+-------+---------+---------+-------
